 Dungeon Crawl Stone Soup version 0.30.0-10-gfe55d96785 (webtiles) character file.

Game seed: 5335948997126210208

14329 shadowrider38 the Thaumaturge (level 11, -40/81 HPs)
             Began as a Demonspawn Conjurer on May 15, 2023.
             Was an Initiate of Gozag.
             Killed from afar by Frances (60 damage)
             ... with a shard of ice
             ... on level 12 of the Dungeon on May 16, 2023.
             The game lasted 00:37:39 (14049 turns).

shadowrider38 the Thaumaturge (DsCj)               Turns: 14049, Time: 00:37:39

Health: -40/81     AC: 12    Str:  7    XL:     11   Next: 87%
Magic:  12/26      EV: 18    Int: 29    God:    Gozag
Gold:   268        SH:  0    Dex: 18    Spells: 15/32 levels left

rFire   . . .        a - staff of conjuration
rCold   . . .        (no shield)
rNeg    . . .        P - +0 leather armour "Cyongaoz" {Dex+7}
rPois   +            (no helmet)
rElec   .            O - +2 cloak
rCorr   .            L - +2 pair of gloves
SInv    .            m - +2 pair of boots
Will    .....        e - amulet of magic regeneration
Stlth   ++           o - ring of poison resistance
HPRegen 0.33/turn    N - ring of Nihier {EV+5 Int+4}
MPRegen 0.60/turn

%: no passive effects
@: gold aura
A: claws 1, powered by death 2
a: Renounce Religion, Potion Petition, Call Merchant, Bribe Branch


You were on level 12 of the Dungeon.
You worshipped Gozag.
Gozag was aware of your devotion.
You visited 2 branches of the dungeon, and saw 15 of its levels.
You also visited: Sewer.

You collected 3138 gold pieces.
You spent 2772 gold pieces at shops.
You paid 98 gold pieces to Gozag.

Inventory:

Hand Weapons
 b - the +8 hand axe "Vigherph" {pain, rF++ rCorr}
   (You found it on level 5 of the Dungeon)

   rF:        It greatly protects you from fire.
   rCorr:     It protects you from acid and corrosion.
Missiles
 F - 3 curare-tipped darts
 Z - a throwing net
Armour
 m - a +2 pair of boots (worn)
 n - a +2 robe of fire resistance
 K - a +0 buckler
 L - a +2 pair of gloves (worn)
 O - a +2 cloak (worn)
 P - the +0 leather armour "Cyongaoz" (worn) {Dex+7}
   (You found it on level 10 of the Dungeon)

   Dex:       It affects your dexterity (+7).
 S - the +2 shield of Resistance {rF++ rC++ Will++}
   (You bought it in a shop on level 8 of the Dungeon)

   rF:        It greatly protects you from fire.
   rC:        It greatly protects you from cold.
   Will:      It greatly increases your willpower.
Magical Staves
 a - a staff of conjuration (weapon)
 c - a staff of fire
 g - a staff of earth
Jewellery
 e - an amulet of magic regeneration (around neck)
 f - a ring of protection from fire
 o - a ring of poison resistance (left hand)
 D - a ring of magical power
 J - an amulet of reflection
 N - the ring of Nihier (right hand) {EV+5 Int+4}
   (You acquired it on level 8 of the Dungeon)

   [ring of evasion]

   EV:        It affects your evasion (+5).
   Int:       It affects your intelligence (+4).
Wands
 C - a wand of mindburst (12)
 V - a wand of flame (28)
Scrolls
 h - a scroll of poison
 i - 4 scrolls of amnesia
 k - 2 scrolls of fog
 q - a scroll of vulnerability {unknown}
 t - a scroll of butterflies {unknown}
 u - 2 scrolls of immolation
 y - a scroll of silence {!r}
 B - a scroll of blinking
 E - a scroll of enchant weapon
 M - a scroll of magic mapping
Potions
 d - 3 potions of resistance
 j - 2 potions of berserk rage
 l - 7 potions of flight
 p - a potion of cancellation
 r - 4 potions of mutation
 s - 2 potions of magic
 v - a potion of lignification
 w - a potion of attraction
 z - a potion of brilliance
 A - a potion of invisibility
 H - 2 potions of haste
 I - a potion of ambrosia


   Skills:
 - Level 6.0 Fighting
 - Level 4.0 Dodging
 - Level 1.7 Stealth
 - Level 4.0 Shields
 + Level 11.1 Spellcasting
 - Level 10.0 Conjurations
 - Level 4.0 Hexes
 - Level 4.0 Translocations
 - Level 6.0 Earth Magic


You had 15 spell levels left.
You knew the following spells:

 Your Spells              Type           Power      Damage    Failure   Level
a - Blink                 Tloc           78%        N/A       1%          2
b - Searing Ray           Conj           100%       2d8       1%          2
c - Fulminant Prism       Conj/Hex       35%        3d17      2%          4
d - Stone Arrow           Conj/Erth      100%       3d13      1%          3
e - Iskenderun's Mystic   Conj/Tloc      71%        2d14      2%          4
f - Passwall              Tmut/Erth      27%        N/A       2%          2

Your spell library contained the following spells:

 Spells                   Type           Power      Damage    Failure   Level
 Magic Dart               Conj           100%       1d8       1%          1
 Sandblast                Erth           100%       2d20      1%          1
 Slow                     Hex            100%       N/A       1%          1
 Lesser Beckoning         Tloc           78%        N/A       1%          2
 Momentum Strike          Conj/Tloc      100%       3d10      1%          2
 Dazzling Flash           Conj/Hex       100%       N/A       1%          3
 Ensorcelled Hibernation  Hex/Ice        54%        N/A       3%          2
 Confusing Touch          Hex            39%        N/A       3%          3
 Gell's Gravitas          Tloc           39%        N/A       3%          3
 Teleport Other           Tloc           39%        N/A       3%          3
 Beastly Appendage        Tmut           32%        N/A       4%          1
 Sting                    Tmut/Pois      64%        1d6       4%          1
 Summon Guardian Golem    Hex/Summ       27%        N/A       7%          3
 Petrify                  Tmut/Erth      33%        N/A       14%         4
 Swiftness                Air            16%        N/A       16%         3
 Vampiric Draining        Necr           16%        2d7       16%         3
 Metabolic Englaciation   Hex/Ice        13%        N/A       52%         5
 Orb of Destruction       Conj           42%        9d12      56%         7
 Statue Form              Tmut/Erth      22%        N/A       92%         6
 Spellforged Servitor     Conj/Summ      30%        N/A       99%         7


Dungeon Overview and Level Annotations

Branches:
Dungeon (14/15)            Temple (1/1) D:4             Orc (0/2) D:9
  Sewer (visited)
   Lair: D:8-11      Vaults: D:13-14

Altars:
Ashenzari
Fedhas
Gozag
Hepliaklqana
Kikubaaqudgha
Makhleb
Nemelex Xobeh
Okawaru
Qazlal
Ru
Sif Muna
Trog
Uskayaw
Vehumet
Wu Jian
Xom
Yredelemnul

Shops:
D:4 [   D:8 =([*?

Portals:
Trove: D:10 (give 7 scrolls of fear)

Annotations:
D:5 3 runed translucent doors, Tirrikindir's ghost, novice GrBe
D:8 Gastronok
D:10 Snorg
D:12 exclusion: downstairs, Frances
D:13 exclusion: hydra, Urug
D:14 exclusion: hydra


Innate Abilities, Weirdness & Mutations

You have sharp fingernails.
You regenerate health from kills.


Message History

The boulder beetle is lightly wounded.
The boulder beetle is knocked back by the mystic blast.
Frances is no longer moving slowly.
A manticore comes into view.
Casting: Iskenderun's Mystic Blast (dangerous; 2% risk of failure)
Confirm with . or Enter, or press ? or * to list all spells.
Okay, then.
Unknown command.
Aiming: Stone Arrow (safe; 1% risk of failure)
Press: ? - help, Q - select action, (/) - cycle Shift-Dir - straight line, f - boulder beetle
Aim: a boulder beetle (lightly wounded, 100% to hit)
Okay, then.
Casting: Stone Arrow (safe; 1% risk of failure)
Confirm with . or Enter, or press ? or * to list all spells.
Okay, then.
Casting: Stone Arrow (safe; 1% risk of failure)
Confirm with . or Enter, or press ? or * to list all spells.
You feel a surge of power!
You erupt in a blast of force!
The mystic blast hits the boulder beetle!
The boulder beetle is moderately wounded.
The boulder beetle is knocked back by the mystic blast.
The mystic blast hits the red devil!!
The red devil is severely wounded.
The red devil is knocked back by the mystic blast.
The mystic blast hits Frances!!
Frances is almost dead.
Frances is knocked back by the mystic blast.
Frances looks more healthy.
Frances mutters in a terrible tongue.
The shard of ice hits you!!!
Ouch! That really hurt!
Unknown command.
Casting: Iskenderun's Mystic Blast (dangerous; 2% risk of failure)
Confirm with . or Enter, or press ? or * to list all spells.
Okay, then.
Okay, then.
The air fills with toxic fumes!
As you read the scroll of poison, it crumbles to dust.
Frances screams a word of power!
The shard of ice hits you!
* * * LOW HITPOINT WARNING * * *
The boulder beetle curls into a ball and begins rolling!
Okay, then.
Unknown command.
You feel better.
Frances is engulfed in poison gas.
Frances is poisoned.
Frances chants phrases taken from a devil's mouth.
The shard of ice hits you!!!
Ouch! That really hurt!
You die...
Your body crumbles into a pile of gold.

###... #.#... #...#.
..... ##.#... ...!
#########...##. #..H
#......##...##.
#§..####.####.##...##.
#B§.......###.###.####
####§§H####§§§§§.....##..
.§§§§§§.@§§§§§##.##..##..
.§§§§§§.§§§§§§##.##......
.§§§§§§§§§§§§§§§.###.##..
##§§§§§@§###§######>.##..
.. #§#§§§§.§..§# #.#####
.# # #§4§§§§§##### #.#
.#@# #.§§§§§§# #.#####
.#.# #§§§§§§§# #......
...#### #......u# #..###.


You could see Frances (fast, poisoned), a boulder beetle (rolling), a manticore
and a red devil (summoned).

Vanquished Creatures
  Erica (D:7)
  2 two-headed ogres
  Pikel (D:4)
  A deep elf pyromancer (D:13)
  An ugly thing (D:12)
  2 manticores (D:12)
  Maurice (D:8)
  A gargoyle (D:11)
  2 unseen horrors
  A troll (D:13)
  Grinder (D:5)
  2 slime creatures (D:13)
  2 water elementals (D:11)
  A vampire (D:12)
  A shadow (D:13)
  2 wraiths
  16 yaks
  A steam dragon (D:9)
  2 vampire mosquitoes (D:9)
  2 water moccasins
  Duvessa (D:6)
  2 sky beasts
  6 orc warriors
  3 black bears
  2 ice beasts
  4 ogres
  A centaur (D:7)
  2 lemures (D:5)
  A phantom (D:6)
  4 kobold brigands
  2 bullfrogs
  3 gnoll sergeants
  7 scorpions
  4 wights (D:7)
  Dowan (D:6)
  3 killer bees (D:10)
  6 howler monkeys
  9 electric eels
  2 hounds (D:5)
  6 orc priests
  2 jellies
  3 sleepcaps
  2 iguanas
  6 orc wizards
  23 gnolls
  11 adders
  6 river rats
  A white imp (D:7)
  2 ufetubi
  6 worms
  5 dart slugs
  22 orcs
  10 endoplasms
  7 giant cockroaches
  5 goblins
  5 hobgoblins
  3 jackals (Sewer)
  28 kobolds
  3 quokkas
  15 ball pythons
  13 bats
  3 frilled lizards
  7 rats
300 creatures vanquished.

Vanquished Creatures (others)
  An orc (D:8)
  69 fulminant prisms
70 creatures vanquished.

Grand Total: 370 creatures vanquished

Notes
Turn   | Place    | Note
-------+----------+-------------------------------------------
     0 | D:1      | shadowrider38 the Demonspawn Conjurer began the quest for
                  | the Orb.
     0 | D:1      | Reached XP level 1. HP: 13/13 MP: 3/3
   348 | D:1      | Gained mutation: You have sharp fingernails. [demonic
                  | ancestry]
   348 | D:1      | Reached XP level 2. HP: 19/19 MP: 1/5
   651 | D:1      | Learned a level 2 spell: Searing Ray
  1154 | D:1      | Gained mutation: You regenerate a little health from kills.
                  | [demonic ancestry]
  1154 | D:1      | Reached XP level 3. HP: 24/24 MP: 5/7
  1154 | D:1      | shadowrider38: finally
  1154 | D:1      | aesen: gg
  1154 | D:1      | shadowrider38: i can die happy
  1154 | D:1      | shadowrider38: inb4 death on d3
  1812 | D:2      | Reached skill level 3 in Spellcasting
  2012 | D:2      | aesen: now mana shield
  2177 | D:2      | aesen: and ur good
  2193 | D:2      | shadowrider38: true
  2193 | D:2      | shadowrider38: im good as is rn th
  2193 | D:2      | shadowrider38: tho
  2193 | D:2      | aesen: ye
  2193 | D:2      | shadowrider38: im not going to reset if its not mana shied
  2193 | D:2      | aesen: obviously
  2347 | D:2      | shadowrider38: there we go
  2347 | D:2      | shadowrider38: we have mana shield at home
  2370 | D:2      | aesen: gg
  2380 | D:2      | Reached XP level 4. HP: 30/30 MP: 5/8
  2583 | D:2      | Learned a level 4 spell: Fulminant Prism
  2965 | D:3      | Noticed a black bear
  2986 | D:3      | aesen: it is d:3
  2986 | D:3      | aesen: time to die
  2986 | D:3      | shadowrider38: indeed
  2987 | D:3      | shadowrider38: wait
  2987 | D:3      | shadowrider38: thats not
  2987 | D:3      | shadowrider38: what i wanted
  2987 | D:3      | aesen: lol
  2987 | D:3      | shadowrider38: did i just kill myself
  2987 | D:3      | aesen: doubt
  2991 | D:3      | Killed a black bear
  2992 | D:3      | Reached skill level 4 in Spellcasting
  2992 | D:3      | aesen: now maybe
  2992 | D:3      | Reached XP level 5. HP: 17/35 MP: 6/11
  3191 | D:3      | aesen: ok nvm
  3240 | D:3      | aesen: you did the thing
  3561 | D:4      | Found Yfuge's Antique Armour Boutique.
  3627 | D:4      | Learned a level 3 spell: Stone Arrow
  3679 | D:4      | Found a staircase to the Ecumenical Temple.
  3799 | Temple   | Entered the Ecumenical Temple
  3899 | D:4      | Noticed a water moccasin
  3907 | D:4      | Killed a water moccasin
  3908 | D:4      | Reached skill level 6 in Conjurations
  3908 | D:4      | Reached skill level 1 in Earth Magic
  3908 | D:4      | Reached XP level 6. HP: 41/41 MP: 6/12
  4307 | D:5      | Entered Level 5 of the Dungeon
  4320 | D:5      | Reached XP level 7. HP: 46/46 MP: 4/13
  4323 | D:5      | Noticed Pikel
  4495 | D:5      | shadowrider38: please show me the other tier 2
  4495 | D:5      | shadowrider38: so i can go to bed
  4582 | D:5      | aesen: lol
  4618 | D:5      | Found a stormy altar of Qazlal.
  4631 | D:5      | Reached skill level 5 in Spellcasting
  4684 | D:4      | Killed Pikel
  4685 | D:4      | Reached skill level 3 in Earth Magic
  4685 | D:4      | Reached XP level 8. HP: 52/52 MP: 3/16
  4902 | D:5      | Noticed Grinder
  4911 | D:5      | Killed Grinder
  4912 | D:5      | Reached skill level 6 in Spellcasting
  4912 | D:5      | Reached skill level 1 in Fighting
  5076 | D:5      | Found a runed translucent gate.
  5076 | D:5      | Found a runed translucent gate.
  5076 | D:5      | Found a runed translucent gate.
  5078 | D:5      | Identified the +8 hand axe "Vigherph" {pain, rF++ rCorr}
  5094 | D:5      | Noticed Tirrikindir's ghost (novice GrBe)
  5313 | D:6      | Noticed Dowan
  5431 | D:6      | Reached skill level 3 in Fighting
  5489 | D:6      | Found a sacrificial altar of Ru.
  5568 | D:6      | Learned a level 4 spell: Iskenderun's Mystic Blast
  5651 | D:6      | Found an opulent altar of Gozag.
  5661 | D:6      | Became a worshipper of Gozag Ym Sagoz the Greedy
  5683 | D:6      | Found an iron altar of Okawaru.
  5785 | D:6      | Found a glowing drain.
  5793 | Sewer    | Entered a sewer
  6010 | Sewer    | Reached skill level 1 in Hexes
  6151 | Sewer    | Reached skill level 1 in Translocations
  6395 | Sewer    | Reached XP level 9. HP: 64/65 MP: 11/18
  6401 | Sewer    | shadowrider38: TELL ME
  6825 | Sewer    | aesen: "no" - dcss
  6959 | D:6      | Found a blossoming altar of Fedhas.
  7426 | D:6      | Noticed Duvessa
  7487 | D:6      | aesen: cast shatter
  7490 | D:6      | Killed Duvessa
  7535 | D:6      | Found a bloodstained altar of Trog.
  7545 | D:6      | Killed Dowan
  7548 | D:6      | Found a shimmering blue altar of Sif Muna.
  7553 | D:6      | Got Sif Muna's Dissertation on the Switch
  7704 | D:7      | Reached skill level 7 in Spellcasting
  7705 | D:7      | Reached skill level 3 in Hexes
  7944 | D:7      | Reached skill level 3 in Translocations
  8078 | D:7      | aesen: do you understand the might of the stone arrow now
  8116 | D:7      | shadowrider38: its boring
  8116 | D:7      | shadowrider38: meat and potatoes
  8116 | D:7      | aesen: lol
  8176 | D:7      | Found a burning altar of Makhleb.
  8353 | D:7      | Found a sparkling altar of Nemelex Xobeh.
  8354 | D:7      | aesen: you say while using prism
  8410 | D:7      | Found a broken altar of Ashenzari.
  8574 | D:8      | aesen: the tasteless gray nutrition paste of spells
  8574 | D:8      | Noticed Erica
  8575 | D:8      | Reached skill level 8 in Spellcasting
  8577 | D:8      | Reached XP level 10. HP: 71/71 MP: 5/22
  8632 | D:7      | shadowrider38: i give up
  8632 | D:7      | shadowrider38: we will find out tomorrow
  8632 | D:7      | aesen: rip
  8632 | D:7      | aesen: good night
  8632 | D:7      | shadowrider38: gn
  8688 | D:8      | Found Dajec's Antique Armour Shop.
  8735 | D:8      | Noticed Maurice
  8899 | D:8      | Killed Maurice
  8900 | D:8      | Reached skill level 9 in Spellcasting
  9123 | D:8      | Found a shimmering altar of Xom.
  9170 | D:8      | Found Guenlon's Magic Scroll Shoppe.
  9268 | D:8      | Bought a scroll of acquirement for 676 gold pieces
  9268 | D:8      | Acquired 979 gold pieces
  9309 | D:8      | Found Roonug's General Store.
  9319 | D:8      | Bought a scroll of fear for 52 gold pieces
  9358 | D:8      | Found a radiant altar of Vehumet.
  9394 | D:8      | Noticed Gastronok
  9457 | D:8      | Found Jiaczeq's Antique Weapon Shop.
  9543 | D:7      | Found a sparkling altar of Nemelex Xobeh.
  9576 | D:7      | Found a broken altar of Ashenzari.
  9613 | D:7      | Killed Erica
  9614 | D:7      | Reached skill level 9 in Conjurations
  9614 | D:7      | Reached skill level 6 in Earth Magic
 10011 | D:8      | Found Dazah's Jewellery Emporium.
 10423 | D:9      | Found a staircase to the Orcish Mines.
 10743 | D:9      | Noticed a manticore
 10743 | D:9      | Noticed a deep troll
 10745 | D:9      | Noticed a cyclops
 10747 | D:9      | Noticed a lindwurm
 10749 | D:9      | Noticed a skeletal warrior
 11273 | D:10     | Entered Level 10 of the Dungeon
 11626 | D:10     | Gained mutation: You regenerate health from kills. [demonic
                  | ancestry]
 11626 | D:10     | Reached XP level 11. HP: 77/77 MP: 18/24
 11642 | D:10     | Reached skill level 1 in Shields
 11642 | D:10     | Reached skill level 10 in Spellcasting
 11706 | D:10     | Found a portal to a secret trove of treasure.
 11983 | D:10     | Identified the +0 leather armour "Cyongaoz" {Dex+7}
 11991 | D:10     | Noticed a two-headed ogre
 12001 | D:10     | Killed a two-headed ogre
 12002 | D:10     | Reached skill level 3 in Shields
 12163 | D:10     | Noticed Snorg
 12489 | D:8      | Bought the +2 shield of Resistance {rF++ rC++ Will++} for
                  | 2044 gold pieces
 12489 | D:8      | Found the +2 shield of Resistance {rF++ rC++ Will++}
 12507 | D:8      | Acquired the ring of Nihier {EV+5 Int+4}
 12626 | D:11     | Learned a level 2 spell: Blink
 12640 | D:11     | Noticed a two-headed ogre
 12647 | D:11     | Killed a two-headed ogre
 12839 | D:11     | Reached skill level 3 in Dodging
 13080 | D:11     | You fall into a shaft and drop 3 floors!
 13085 | D:14     | Noticed a six-headed hydra
 13093 | D:13     | Noticed a four-headed hydra
 13216 | D:13     | Learned a level 2 spell: Passwall
 13224 | D:13     | Noticed Urug
 13530 | D:13     | Noticed a deep elf pyromancer
 13536 | D:13     | Noticed an eight-headed hydra
 13541 | D:13     | Killed a deep elf pyromancer
 13542 | D:13     | Reached skill level 6 in Fighting
 13570 | D:12     | Noticed a cyan ugly thing
 13589 | D:12     | Noticed Frances
 13589 | D:12     | HP: 1/81 [Frances/shard of ice (29)]
 14037 | D:12     | Noticed a sun demon
 14044 | D:12     | Noticed a boulder beetle
 14044 | D:12     | Killed a cyan ugly thing
 14045 | D:12     | Reached skill level 11 in Spellcasting
 14049 | D:12     | Killed from afar by Frances

Illustrated notes

Levels and vault maps discovered:
D:1:      lightli_arrival_quake, layout_rooms
D:2:      layout_rooms
D:3:      layout_loops_ring
D:4:      layout_rooms, temple_statues, serial_shops, shop,
          nicolae_concentric_dashed_squares_mild
D:5:      layout_rooms, nicolae_qazlal_scattered_showers,
          biasface_ghost_orc_armoury, uniq_grinder, uniq_pikel
D:6:      minmay_general_purpose_star, layout_basic,
          nzn_overflow_gifts_of_might_and_magic,
          mainiacjoe_overflow_small_starburst,
          nicolae_ru_great_annihilating_truth, grunt_gozag_statues,
          mainiacjoe_overflow_alcove_2, serial_bayou, serial_bayou_pond_d,
          serial_bayou_lake_a, serial_bayou_pond_a, serial_bayou_shore_b,
          lightli_sewer_entry_pipes, uniq_duvessa
D:7:      layout_loops_ring, lemuel_doored_altar, overflow_temple_1_default,
          bloody_makhleb
D:8:      layout_cave_pools, mainiacjoe_overflow_chevrons,
          mainiacjoe_overflow_tiny_flanked, enter_bailey_2, serial_shops,
          nicolae_shop_overgrown_old_shop, shop, kennysheep_mini_moat,
          nicolae_shop_tiny_real_fake_doors, shop, grunt_ogre_cave, uniq_erica,
          uniq_gastronok, uniq_maurice
D:9:      layout_cave_pods, tso_metal_star, minmay_orc_entry_temple_small,
          onia_ninara_dug_in_and_dangerous
D:10:     layout_irregular_city, amethyst_overflow_temple_binary, enter_trove_3,
          chequers_avenue, columned_hall_lemuel, uniq_snorg
D:11:     layout_basic, grunt_lair_entry_orc_guard_hut
D:12:     layout_loops_cross, uniq_frances
D:13:     layout_basic, drop_trap, st_stairs_8, eat_drink_and_be_merry_uskayaw,
          uniq_urug
D:14:     layout_layer_cave, hangedman_vaults_entry_quadrant_bands,
          minmay_misc_feat_rows
Temple:   nicolae_temple_great_sept

Skill      XL: |  1  2  3  4  5  6  7  8  9 10 11 |
---------------+----------------------------------+-----
Spellcasting   | 3 4 5 6 8 9 11 | 11.1
Conjurations   | 5 6 7 8 9 10 | 10.0
Earth Magic    | 1 2 3 4 6 |  6.0
Fighting       | 4 6 |  6.0
Hexes          | 1 4 |  4.0
Translocations | 1 4 |  4.0
Shields        | 4 |  4.0
Dodging        | 4 |  4.0
Stealth        | |  1.7

Action                     |  1- 3 |  4- 6 |  7- 9 | 10-12 || total
---------------------------+-------+-------+-------+-------++-------
  Melee: Unarmed           |     8 |       |       |       ||     8
         Short sword       |     3 |       |       |       ||     3
         Staff             |       |       |     5 |     6 ||    11
  Throw: Dart              |       |       |       |     2 ||     2
   Cast: Magic Dart        |    74 |    30 |       |       ||   104
         Searing Ray       |     5 |    11 |     8 |     1 ||    25
         Stone Arrow       |       |       |   111 |    69 ||   180
         Fulminant Prism   |       |       |    10 |    59 ||    69
         Iskenderun's Myst |       |       |     1 |    29 ||    30
         Passwall          |       |       |       |     3 ||     3
  Evoke: Wand              |       |       |       |    10 ||    10
    Use: Scroll            |     4 |     4 |     7 |    20 ||    35
         Potion            |       |     1 |       |    12 ||    13
 Armour: Robe              |     4 |     2 |    20 |     7 ||    33
         Skin              |       |     5 |       |       ||     5
         Leather armour    |       |       |       |     7 ||     7
  Dodge: Dodged            |    10 |     4 |    37 |    62 ||   113
  Block: Buckler           |       |       |       |     1 ||     1
